 Dungeon Crawl Stone Soup version 0.26-a0-833-g7262b39652 (webtiles) character file.

Game seed: 18300289412727244309

5826 Riddle the Destroyer (level 10, -7/69 HPs)
             Began as a Demigod Conjurer on Nov 15, 2020.
             Mangled by a manticore (22 damage)
             ... on level 9 of the Dungeon on Nov 16, 2020.
             The game lasted 00:21:17 (10708 turns).

Riddle the Destroyer (Demigod Conjurer)            Turns: 10708, Time: 00:21:17

Health: -7/69      AC:  3    Str: 10    XL:     10   Next: 27%
Magic:  16/28      EV: 12    Int: 28    God:
Gold:   619        SH:  0    Dex: 14    Spells: 18/28 levels left

rFire    + . .     SeeInvis .   o - +1 short sword (elec)
rCold    . . .     Faith    .   (no shield)
rNeg     . . .     Spirit   .   a - +0 robe
rPois    .         Reflect  .   (no helmet)
rElec    .         Harm     .   s - +0 cloak
rCorr    .         Rampage  .   (no gloves)
MR       +....                  (no boots)
Stlth    ++........             w - amulet of magic regeneration
HPRegen  0.21/turn              v - ring of protection from fire
MPRegen  0.46/turn              (no ring)

@: barbed spikes
A: high mp 1
a: no special abilities


You were on level 9 of the Dungeon.
You visited 1 branch of the dungeon, and saw 9 of its levels.

You collected 619 gold pieces.

Inventory:

Hand Weapons
 o - a +1 short sword of electrocution (weapon)
Armour
 a - a +0 robe (worn)
 s - a +0 cloak (worn)
Jewellery
 v - a ring of protection from fire (left hand)
 w - an amulet of magic regeneration (around neck)
Wands
 u - a wand of random effects (19)
 y - a wand of acid (7)
 C - a wand of paralysis (4)
Scrolls
 b - 4 scrolls of remove curse
 d - 2 scrolls of blinking {unknown}
 f - 4 scrolls of enchant weapon {unknown}
 h - 11 scrolls of identify
 i - 3 scrolls of fog {unknown}
 j - 2 scrolls of enchant armour {unknown}
 l - 2 scrolls of magic mapping {unknown}
 n - a scroll of immolation {unknown}
 t - 4 scrolls of teleportation {unknown}
 B - a scroll of random uselessness {unknown}
 D - a scroll of brand weapon {unknown}
 F - a scroll of noise {unknown}
Potions
 c - 6 potions of heal wounds {unknown}
 e - 6 potions of curing {unknown}
 g - 2 potions of degeneration {unknown}
 k - a potion of berserk rage {unknown}
 m - a potion of mutation {unknown}
 p - 2 potions of attraction {unknown}
 q - a potion of lignification {unknown}
 r - 2 potions of brilliance {unknown}
 x - 2 potions of flight {unknown}
 z - 4 potions of invisibility {unknown}
 A - 2 potions of might {unknown}
 E - a potion of resistance {unknown}


   Skills:
 - Level 1.7 Dodging
 - Level 1.7 Stealth
 + Level 9.6 Spellcasting
 + Level 10.9 Conjurations


You had 18 spell levels left.
You knew the following spells:

 Your Spells              Type           Power        Failure   Level
a - Magic Dart            Conj           ####         1%          1
b - Searing Ray           Conj           ######       1%          2
c - Dazzling Flash        Conj/Hex       #####.       1%          3
d - Fulminant Prism       Conj/Hex       #####.....   4%          4

Your spell library contained the following spells:

 Spells                   Type           Power        Failure   Level
 Animate Skeleton         Necr           ##....       4%          1
 Apportation              Tloc           ##....       4%          1
 Corona                   Hex            ##.....      4%          1
 Summon Small Mammal      Summ           ##..         4%          1
 Iskenderun's Mystic Bla  Conj/Tloc      #####...     4%          4


Dungeon Overview and Level Annotations

Branches:
Dungeon (9/15)             Temple (0/1) D:6
   Lair: D:8-11         Orc: D:9-12

Annotations:
D:7 3 runed translucent doors, Froggeryz's ghost, novice NaTm


Innate Abilities, Weirdness & Mutations

You have an increased reservoir of magic. (+10% MP)


Message History

Unknown command.
Unknown command.
The searing ray hits the manticore!
The manticore is moderately wounded.
Unknown command.
You finish channeling your searing ray.
The manticore barely misses you. The manticore claws you! x2
* * * LOW HITPOINT WARNING * * *
Unknown command.
Unknown command.
Casting: Searing Ray (safe; 1% risk of failure)
Confirm with . or Enter, or press ? or * to list all spells.
Aiming: Searing Ray (safe; 1% risk of failure)
Press: ? - help, Shift-Dir - straight line, f/p - manticore
Aim: a manticore (moderately wounded)
The searing ray hits the manticore!
The manticore is heavily wounded. (Press . to maintain the ray.)
The manticore bites you!!
You die...

........... .......
........... .......
.....[..... .......
........... .......
####....... ....)..
#########....... ....=..
#......##.......
.......##.....†##..†....
.......@H..##..'........
........)..##..)........
...|...##).#...##.......
....... #..(#..##.......
....... #..#...##.......
......# #..##..##.....##
...### #..##..##.......
.## ....#..##....... ..
...##.......


You could see a manticore.

Vanquished Creatures
  2 two-headed ogres
  Prince Ribbit (D:5)
  Sigmund (D:5)
  A wyvern (D:8)
  Eustachio (D:5)
  Duvessa (D:5)
  4 orc warriors
  A black bear (D:8)
  8 ogres
  4 centaurs
  A big kobold (D:8)
  4 bullfrogs
  Dowan (D:5)
  9 wights
  2 scorpions
  3 howler monkeys (D:7)
  A bullfrog zombie (D:5)
  8 hounds
  8 orc priests
  2 bullfrog skeletons (D:8)
  A centaur skeleton (D:6)
  13 orc wizards
  An iguana (D:4)
  6 worker ants
  A killer bee zombie (D:8)
  10 adders
  A howler monkey skeleton (D:6)
  3 white imps
  An ufetubus (D:5)
  An adder skeleton (D:3)
  4 worms
  4 leopard geckos
  38 orcs
  2 ball pythons (D:2)
  7 giant cockroaches
  7 goblins
  4 hobgoblins
  3 jackals
  4 quokkas
  9 bats
  3 frilled lizards
  A jackal skeleton (D:5)
  16 kobolds
  A quokka skeleton (D:9)
  A quokka zombie (D:7)
  11 rats
216 creatures vanquished.

Notes
Turn   | Place    | Note
-------+----------+-------------------------------------------
     0 | D:1      | Riddle the Demigod Conjurer began the quest for the Orb.
     0 | D:1      | Reached XP level 1. HP: 14/14 MP: 5/5
   277 | D:1      | Reached XP level 2. HP: 20/20 MP: 0/7
   665 | D:1      | Reached skill level 4 in Conjurations
  1323 | D:2      | Found an ancient bone altar of Kikubaaqudgha.
  1327 | D:2      | Learned a level 2 spell: Searing Ray
  1527 | D:2      | Reached XP level 3. HP: 26/26 MP: 3/9
  1925 | D:2      | Found a glowing golden altar of the Shining One.
  2361 | D:2      | Reached XP level 4. HP: 33/33 MP: 7/11
  3196 | D:3      | Reached skill level 5 in Conjurations
  3196 | D:3      | Reached XP level 5. HP: 16/38 MP: 10/13
  4328 | D:4      | Noticed an ogre
  4334 | D:4      | Killed an ogre
  4335 | D:4      | Reached XP level 6. HP: 10/45 MP: 7/15
  4632 | D:3      | Upgraded the game from 0.26-a0-830-g2a559e7be2 to
                  | 0.26-a0-833-g7262b39652
  4663 | D:4      | Reached skill level 6 in Conjurations
  4968 | D:4      | Reached XP level 7. HP: 25/50 MP: 8/17
  5420 | D:5      | Entered Level 5 of the Dungeon
  5420 | D:5      | Noticed Eustachio
  5425 | D:5      | Killed Eustachio
  5426 | D:5      | Reached skill level 5 in Spellcasting
  5426 | D:5      | Noticed Prince Ribbit
  5476 | D:5      | Killed Prince Ribbit
  5477 | D:5      | Reached skill level 7 in Conjurations
  5735 | D:5      | Reached XP level 8. HP: 57/57 MP: 13/20
  5929 | D:5      | Noticed Dowan
  5929 | D:5      | Noticed Duvessa
  6007 | D:5      | Killed Duvessa
  6021 | D:5      | Killed Dowan
  6178 | D:5      | Noticed Sigmund
  6183 | D:5      | Killed Sigmund
  6184 | D:5      | Reached skill level 8 in Conjurations
  7326 | D:6      | Found a staircase to the Ecumenical Temple.
  7819 | D:6      | Reached skill level 9 in Conjurations
  7819 | D:6      | Reached XP level 9. HP: 42/62 MP: 20/24
  8574 | D:7      | Found a runed translucent gate.
  8574 | D:7      | Found a runed translucent gate.
  8575 | D:7      | Found a runed translucent gate.
  8958 | D:7      | Learned a level 3 spell: Dazzling Flash
  8978 | D:7      | Learned a level 4 spell: Fulminant Prism
  9144 | D:7      | Noticed Froggeryz's ghost (novice NaTm)
  9685 | D:8      | Noticed a two-headed ogre
  9693 | D:8      | Killed a two-headed ogre
  9694 | D:8      | Reached skill level 10 in Conjurations
  9976 | D:8      | Reached XP level 10. HP: 69/69 MP: 23/27
 10109 | D:8      | Found a glowing golden altar of the Shining One.
 10319 | D:9      | Noticed a two-headed ogre
 10700 | D:9      | Noticed a manticore
 10701 | D:9      | Killed a two-headed ogre
 10708 | D:9      | Mangled by a manticore

Illustrated notes

Levels and vault maps discovered:
D:1:      lemuel_arrival_tunnels, layout_basic
D:2:      layout_loops_ring, lemuel_round_altar, tso_altar
D:3:      layout_loops_ring, minmay_cupped
D:4:      cheibrodos_pilgrimage, layout_rooms
D:5:      layout_cave_pools, grunt_ministairs_15, uniq_sigmund, uniq_duvessa,
          uniq_eustachio, uniq_prince_ribbit1
D:6:      layout_basic, minmay_temple_entry_glass, serial_bayou_crossing
D:7:      layout_basic, gammafunk_ghost_icy
D:8:      layout_loops_ring, basic_altar
D:9:      layout_big_octagon, dpeg_lair_monsters, st_stairs_7,
          hangedman_corner_corridor, uniq_grum

Skill      XL: |  1  2  3  4  5  6  7  8  9 |
---------------+----------------------------+-----
Spellcasting   | 2 3 4 6 7 9 |  9.6
Conjurations   | 4 5 6 7 9 10 | 10.9
Dodging        | |  1.7
Stealth        | |  1.7

Action                   |  1- 3 |  4- 6 |  7- 9 | 10-12 || total
-------------------------+-------+-------+-------+-------++-------
Melee: Short sword       |       |    53 |     2 |       ||    55
       Unarmed           |       |     1 |       |       ||     1
 Cast: Magic Dart        |    45 |    22 |    36 |     1 ||   104
       Searing Ray       |    19 |    20 |    84 |    22 ||   145
  Use: Scroll            |       |     2 |       |       ||     2
 Stab: Sleeping          |       |     1 |       |       ||     1
Armor: Robe              |     5 |    11 |    15 |     1 ||    32
Dodge: Dodged            |     8 |    43 |    52 |    16 ||   119

Table legend: (Time is in decaauts)
 A = Elapsed time spent in this place.
 B = Non-inter-level travel time spent in this place.
 C = Inter-level travel time spent in this place.
 D = Time resting spent in this place.
 E = Time spent auto-exploring this place.
 F = Levels seen in this place.
 G = Mean time per level.
                   A        B        C        D        E       F      G
               +--------+--------+--------+--------+--------+-----+--------+
         Total |  10724 |  10410 |    314 |   1394 |   7800 |   9 | 1191.6 |
       Dungeon |  10724 |  10410 |    314 |   1394 |   7800 |   9 | 1191.6 |
               +--------+--------+--------+--------+--------+-----+--------+

Top non-repeatable levels by time:
     D:4: 1627 daAuts
     D:3: 1380 daAuts
     D:6: 1335 daAuts
     D:8: 1258 daAuts
     D:1: 1250 daAuts
     D:2: 1246 daAuts
     D:7: 1183 daAuts
     D:5: 1154 daAuts
     D:9: 289 daAuts
